 Dungeon Crawl Stone Soup version 0.24-b1-48-gd9db55c (webtiles) character file.

Game seed: 2359762679562582675, levelgen mode: deterministic

32 Fang the Skirmisher (level 3, -5/24 HPs)
             Began as a Gargoyle Berserker on Oct 24, 2019.
             Was a Follower of Trog.
             Killed from afar by Sigmund (7 damage)
             ... with a magic dart
             ... on level 2 of the Dungeon.
             The game lasted 00:01:25 (892 turns).

Fang the Skirmisher (Gargoyle Berserker)             Turns: 892, Time: 00:01:25

Health: -5/24      AC: 12    Str: 21    XL:     3   Next: 25%
Magic:  3/3        EV:  8    Int:  7    God:    Trog [*.....]
Gold:   44         SH:  0    Dex:  9    Spells: 2/2 levels left

rFire    . . .     SeeInvis .   a - +0 hand axe
rCold    . . .     Gourm    .   (no shield)
rNeg     + . .     Faith    .   b - +0 chain mail
rPois    ∞         Spirit   .   (no helmet)
rElec    +         Reflect  .   (no cloak)
rCorr    .         Harm     .   (no gloves)
MR       .....                  (no boots)
Stlth    ..........             (no amulet)
HPRegen  0.08/turn              (no ring)
MPRegen  0.08/turn              (no ring)

@: berserk cooldown, slowed, very slow
A: negative energy resistance 1, electricity resistance, unbreathing,
petrification resistance, rot immunity, AC +3
a: Berserk, Renounce Religion


You were on level 2 of the Dungeon.
You worshipped Trog.
Trog was aware of your devotion.
You were hungry.

You visited 1 branch of the dungeon, and saw 2 of its levels.

You collected 44 gold pieces.

Inventory:

Hand Weapons
 a - a +0 hand axe (weapon)
Armour
 b - a +0 chain mail (worn)
Scrolls
 d - 3 scrolls of fear {unknown}
 e - a scroll of identify {unknown}
 g - a scroll of remove curse {unknown}
 i - a scroll of immolation {unknown}
 k - a scroll of teleportation {unknown}
 m - a scroll of enchant weapon {unknown}
Potions
 f - a potion of invisibility {unknown}
 h - a potion of might {unknown}
 j - a potion of lignification {unknown}
 l - 2 potions of heal wounds {unknown}
Comestibles
 c - 3 rations


   Skills:
 * Level 3.7 Fighting
 * Level 3.0 Axes
 + Level 2.6 Armour
 + Level 1.9 Dodging


You had 2 spell levels left.
You didn't know any spells.
Your spell library was empty.

Dungeon Overview and Level Annotations

Branches:
Dungeon (2/15)

Altars:

Annotations:
D:2 Sigmund


Innate Abilities, Weirdness & Mutations

You are resistant to torment.
Your stone body is resilient. (AC +3)
You are immune to poison.
You resist negative energy. (rN+)
You are resistant to electric shocks. (rElec)
You can survive without breathing.
You are immune to petrification.
You are immune to rotting.


Message History

You are too injured to fight recklessly!
You are too injured to fight recklessly!
You are too injured to fight recklessly!
You are too injured to fight recklessly!
You are too injured to fight recklessly!
You are too injured to fight recklessly!
You are too injured to fight recklessly!
You are too injured to fight recklessly!
You are too injured to fight recklessly!
You are too injured to fight recklessly!
You are too injured to fight recklessly!
Something hits you but does no damage. Something hits you but does no damage.
A jackal comes into view.
The jackal barks!
Something hits you.
* * * LOW HITPOINT WARNING * * *
A magic dart appears from out of thin air!
The magic dart hits you!
You die...

.. ......# ..##.....(#
... .(.#......#....
##....?...#.... #
#..............
.##"###.......h......
#.%8$.#...>..#....... #
##)..<...#....... #.
#.....@..'....... #.
#..####[....w######..
#........#....†#.......
#..#####...#......####.
........(.......[#
##.....(.[.........
#.........##...###
#...).....# .....
#.........+ ..#...


You could see a worm and a jackal.

Vanquished Creatures
  A worm (D:2)
  A dart slug (D:1)
  A leopard gecko (D:2)
  2 hobgoblins
  2 jackals (D:1)
  A ball python (D:1)
  5 bats (D:1)
  2 frilled lizards
  4 goblins
  4 kobolds
  2 rats (D:2)
25 creatures vanquished.

Notes
Turn   | Place    | Note
-------+----------+-------------------------------------------
     0 | D:1      | Fang the Gargoyle Berserker began the quest for the Orb.
     0 | D:1      | Reached XP level 1. HP: 14/14 MP: 1/1
    97 | D:1      | Reached XP level 2. HP: 17/19 MP: 2/2
   861 | D:2      | Reached XP level 3. HP: 16/24 MP: 3/3
   875 | D:2      | Noticed Sigmund
   891 | D:2      | HP: 1/24 [something (6)]
   892 | D:2      | Killed from afar by Sigmund

Skill      XL: |  1  2 |
---------------+-------+-----
Axes           | 3 |  3.0
Fighting       | |  3.7
Armour         | |  2.6
Dodging        | |  1.9

Action                   || total
-------------------------++-------
Melee: Hand axe          ||    73
Invok: Berserk           ||     1
Armor: Animal skin       ||    21
       Chain mail        ||    11
       Skin              ||     1
Dodge: Dodged            ||    60
